 Dungeon Crawl Stone Soup version 0.29.1-13-g9f3cf754e1 (webtiles) character file.

Game seed: 10062801995499971056

87 erowe747 the Chopper (level 4, -1/35 HPs)
             Began as a Human Berserker on Jan 19, 2023.
             Was a Believer of Trog.
             Slain by an ice beast (14 damage)
             ... on level 4 of the Dungeon on Jan 20, 2023.
             The game lasted 00:37:19 (3050 turns).

erowe747 the Chopper (Human Berserker)              Turns: 3050, Time: 00:37:20

Health: -1/35      AC:  7    Str: 20    XL:     4   Next: 80%
Magic:  4/4        EV: 10    Int:  7    God:    Trog [**....]
Gold:   180        SH:  0    Dex: 12    Spells: 3/3 levels left

rFire   . . .      SeeInvis .   a - +1 hand axe (freeze)
rCold   . . .      Faith    .   (no shield)
rNeg    . . .      Spirit   .   g - +1 scale mail
rPois   .          Reflect  .   (no helmet)
rElec   .          Harm     .   (no cloak)
rCorr   .          Rampage  .   (no gloves)
Will    .....      Clarity  +   (no boots)
Stlth   ..........              (no amulet)
HPRegen 0.11/turn               (no ring)
MPRegen 0.09/turn               (no ring)

@: no status effects
A: clarity, deterioration 1
a: Renounce Religion, Berserk, Trog's Hand


You were on level 4 of the Dungeon.
You worshipped Trog.
Trog was pleased with you.
You visited 1 branch of the dungeon, and saw 4 of its levels.

You collected 180 gold pieces.

Inventory:

Hand Weapons
 a - a +1 hand axe of freezing (weapon)
 e - a +0 whip
 j - a +0 club
 p - a +0 sling
Missiles
 k - 7 stones
 o - 4 javelins
 q - a throwing net
Armour
 g - a +1 scale mail (worn)
 l - a +0 robe
 r - a +0 scale mail
Scrolls
 h - 2 scrolls of teleportation
Potions
 c - a potion of haste
 d - a potion of mutation
 f - a potion of attraction
 i - a potion of curing
 n - a potion of magic
 s - a potion of invisibility {unknown}


   Skills:
 + Level 3.5 Fighting
 + Level 4.0 Axes
 + Level 2.8 Armour
 + Level 2.4 Dodging
 + Level 0.1 Stealth


You had 3 spell levels left.
You didn't know any spells.
Your spell library contained the following spells:

 Spells                   Type           Power      Damage    Failure   Level
 Slow                     Hex            0%         N/A       78%         1
 Call Canine Familiar     Summ           0%         N/A       98%         3
 Confusing Touch          Hex            0%         N/A       98%         3
 Gell's Gravitas          Tloc           0%         N/A       98%         3
 Lesser Beckoning         Tloc           0%         N/A       98%         3
 Teleport Other           Tloc           0%         N/A       98%         3
 Vampiric Draining        Necr           0%         2d6       98%         3
 Fire Storm               Conj/Fire      0%         5d1       100%        9


Dungeon Overview and Level Annotations

Branches:
Dungeon (4/15)
 Temple: D:4-7

Altars:
Ashenzari
Qazlal
Wu Jian
Yredelemnul


Innate Abilities, Weirdness & Mutations

You possess an exceptional clarity of mind.
Your body sometimes deteriorates upon taking damage.


Message History

You hit the ice beast.
The ice beast is moderately wounded.
The ice beast hits you but does no damage.
You barely miss the ice beast.
The ice beast is moderately wounded.
The ice beast closely misses you.
You hit the ice beast but do no damage.
The ice beast is moderately wounded.
The ice beast barely misses you.
You hit the ice beast.
The ice beast is moderately wounded.
The ice beast closely misses you.
You barely miss the ice beast.
The ice beast is moderately wounded.
The ice beast barely misses you. The ice beast hits you.
The ice beast freezes you!
You barely miss the ice beast.
The ice beast is moderately wounded.
The ice beast barely misses you.
You closely miss the ice beast.
The ice beast is moderately wounded.
The ice beast hits you but does no damage.
You hit the ice beast.
The ice beast is moderately wounded.
The ice beast hits you but does no damage.
You hit the ice beast but do no damage.
The ice beast is moderately wounded.
The ice beast hits you but does no damage.
You hit the ice beast.
The ice beast is heavily wounded.
The ice beast hits you but does no damage.
You closely miss the ice beast.
The ice beast is heavily wounded.
The ice beast hits you. The ice beast freezes you!
You hit the ice beast.
The ice beast is heavily wounded.
You hit the ice beast but do no damage.
The ice beast is heavily wounded.
The ice beast hits you. The ice beast freezes you!
You die...

### . .. ##
.. .$. #.
..$$ #.
#.._.
#.###.#[...
#..<..#....
##@##.###+#
#Y# .....
#.# ##.#
#.# # #.#
#.# ... #..


You could see an ice beast.

Vanquished Creatures
  A scorpion zombie (D:3)
  An adder (D:2)
  A dart slug (D:1)
  An orc (D:3)
  7 bats
  5 endoplasms
  9 goblins
  6 hobgoblins
  5 kobolds (D:2)
  A quokka (D:2)
  A ball python (D:3)
  2 frilled lizards (D:3)
  A giant cockroach zombie (D:3)
  5 rats
46 creatures vanquished.

Notes
Turn   | Place    | Note
-------+----------+-------------------------------------------
     0 | D:1      | erowe747 the Human Berserker began the quest for the Orb.
     0 | D:1      | Reached XP level 1. HP: 18/18 MP: 1/1
   290 | D:2      | Reached XP level 2. HP: 8/24 MP: 2/2
   393 | D:1      | Got the Parchment of Concussion and Attendants
   539 | D:1      | Gained mutation: You possess an exceptional clarity of
                  | mind. [potion of mutation]
   539 | D:1      | Gained mutation: Your body sometimes deteriorates upon
                  | taking damage. [potion of mutation]
   981 | D:3      | Reached XP level 3. HP: 22/29 MP: 3/3
  1130 | D:3      | Reached XP level 4. HP: 35/35 MP: 4/4
  1196 | D:3      | Noticed an earth elemental
  1198 | D:3      | Found a stormy altar of Qazlal.
  1200 | D:3      | Noticed a water elemental
  1200 | D:3      | Noticed a fire elemental
  1200 | D:3      | Noticed an air elemental
  1643 | D:2      | Found a faded altar of an unknown god.
  1961 | D:2      | Reached ** piety under Trog
  2527 | D:3      | Found a broken altar of Ashenzari.
  2813 | D:3      | Found a basalt altar of Yredelemnul.
  2916 | D:3      | Reached skill level 4 in Axes
  3032 | D:4      | Noticed an ice beast
  3032 | D:4      | Found an ornate altar of the Wu Jian Council.
  3050 | D:4      | Slain by an ice beast

Illustrated notes

Levels and vault maps discovered:
D:1:      minmay_arrival_arboretum_small, layout_basic
D:2:      layout_basic, hellmonk_ecumenical_altar_prayer_group,
          kennysheep_path_1, bh_walls_and_bars
D:3:      layout_basic, nicolae_qazlal_style_of_elements,
          nicolae_ashenzari_panopticon, lemuel_zombie_altar_yredelemnul,
          gup_sewer_entry_spiral
D:4:      layout_loops_ring, amcnicky_altar_gilded

Skill      XL: |  1  2  3  4 |
---------------+-------------+-----
Axes           | 4 |  4.0
Fighting       | |  3.5
Armour         | |  2.8
Dodging        | |  2.4
Stealth        | |  0.1

Action                   |  1- 3 |  4- 6 || total
-------------------------+-------+-------++-------
Melee: Hand axe          |    59 |    73 ||   132
Invok: Berserk           |     1 |     1 ||     2
  Use: Scroll            |    11 |     3 ||    14
       Potion            |     4 |     2 ||     6
Armor: Scale mail        |    30 |    35 ||    65
Dodge: Dodged            |    33 |    39 ||    72
